 Dungeon Crawl Stone Soup version 0.28.0 (webtiles) character file.

Game seed: 427811303358163605

129 xSliceyx the Covered (level 5, -10/41 HPs)
             Began as a Formicid Fighter on Feb 6, 2022.
             Mangled by an ogre (21 damage)
             ... on level 4 of the Dungeon.
             The game lasted 00:05:11 (4042 turns).

xSliceyx the Covered (Formicid Fighter)             Turns: 4042, Time: 00:05:12

Health: -10/41     AC:  7    Str: 23    XL:     5   Next: 35%
Magic:  5/5        EV:  9    Int:  7    God:
Gold:   130        SH:  4    Dex: 10    Spells: 4/4 levels left

rFire   . . .      SeeInvis +   a - +0 long sword
rCold   . . .      Faith    .   c - +0 buckler
rNeg    + . .      Spirit   .   b - +0 scale mail
rPois   .          Reflect  .   (helmet unavailable)
rElec   .          Harm     .   (no cloak)
rCorr   .          Rampage  .   (no gloves)
Will    .....                   (no boots)
Stlth   ..........              (no amulet)
HPRegen 0.13/turn               m - ring of positive energy
MPRegen 0.09/turn               (no ring)

@: no status effects
A: permanent stasis, dig shafts and tunnels, antennae 3, four strong arms
a: Dig, Shaft Self


You were on level 4 of the Dungeon.
You visited 1 branch of the dungeon, and saw 4 of its levels.

You collected 130 gold pieces.

Inventory:

Hand Weapons
 a - a +0 long sword (weapon)
Missiles
 o - 2 poisoned darts
Armour
 b - a +0 scale mail (worn)
 c - a +0 buckler (worn)
 k - a +0 chain mail
Jewellery
 m - a ring of positive energy (left hand)
Wands
 l - a wand of acid (5)
 p - a wand of iceblast (12)
Scrolls
 f - 3 scrolls of blinking {unknown}
 g - 4 scrolls of identify {unknown}
 i - a scroll of fog {unknown}
 j - 2 scrolls of teleportation {unknown}
 n - a scroll of vulnerability {unknown}
Potions
 d - a potion of might
 e - 3 potions of attraction {unknown}
 h - a potion of ambrosia {unknown}
 q - a potion of mutation {unknown}


   Skills:
 - Level 3.2 Fighting
 - Level 2.0 Long Blades
 + Level 6.0 Armour
 - Level 4.0 Shields


You had 4 spell levels left.
You didn't know any spells.
Your spell library contained the following spells:

 Spells                   Type           Power      Damage    Failure   Level
 Sandblast                Erth           0%         2d4       80%         1
 Passwall                 Tmut/Erth      0%         N/A       90%         2
 Call Canine Familiar     Summ           0%         N/A       99%         3
 Portal Projectile        Hex/Tloc       0%         N/A       99%         3
 Stone Arrow              Conj/Erth      0%         3d7       99%         3
 Leda's Liquefaction      Hex/Erth       0%         N/A       100%        4


Dungeon Overview and Level Annotations

Branches:
Dungeon (4/15)
 Temple: D:4-7

Altars:

Shops:
D:1 *


Innate Abilities, Weirdness & Mutations

You cannot be hasted, slowed, berserked, paralysed or teleported.
You can dig through walls and to a lower floor.
You have a pair of large antennae on your head. (SInv)
Your four strong arms can wield two-handed weapons with a shield.


Message History

You climb downwards.
There is a stone staircase leading up here.
A kobold comes into view. It is wielding a +0 club.
You block the kobold's attack.
You barely miss the kobold. The kobold closely misses you.
You barely miss the kobold. The kobold barely misses you.
You barely miss the kobold. The kobold closely misses you.
You hit the kobold but do no damage. The kobold barely misses you.
The kobold closely misses you.
You slash the kobold!
You kill the kobold!
Things that are here:
a +0 club; a kobold corpse
Found a falchion.
You see here a +0 falchion.
Found a pair of gloves.
You sense a monster nearby.
As you open the door, it creaks loudly!
An ogre comes into view. It is wielding a +0 giant club.
You hit the ogre.
The ogre is lightly wounded.
The ogre barely misses you.
You slash the ogre!
The ogre is heavily wounded.
The ogre hits you with a +0 giant club!
You barely miss the ogre.
The ogre is heavily wounded.
The ogre barely misses you.
You closely miss the ogre.
The ogre is heavily wounded.
The ogre hits you with a +0 giant club.
You barely miss the ogre.
The ogre is heavily wounded.
The ogre hits you with a +0 giant club!
* * * LOW HITPOINT WARNING * * *
You hit the ogre.
The ogre is heavily wounded.
The ogre hits you with a +0 giant club!!
Ouch! That really hurt!
You die...

..... #...#
#...# .
#...# ...
#...# ....
#### #...#
.... .....
#...# ....
......##...#
....
......O@...#
....
......##.###
.... .....
#.# ... ....
#.# .. ...
#.# .. #.# .
#.# #.# #.#


You could see an ogre.

Vanquished Creatures
  5 adders
  2 worms
  2 dart slugs
  4 orcs (D:3)
  7 ball pythons
  7 endoplasms
  A giant cockroach (D:2)
  8 hobgoblins
  5 jackals
  3 quokkas
  5 bats
  6 frilled lizards
  3 goblins
  5 kobolds
  5 rats
68 creatures vanquished.

Notes
Turn   | Place    | Note
-------+----------+-------------------------------------------
     0 | D:1      | xSliceyx the Formicid Fighter began the quest for the Orb.
     0 | D:1      | Reached XP level 1. HP: 18/18 MP: 1/1
   176 | D:1      | Reached XP level 2. HP: 24/24 MP: 2/2
   346 | D:1      | Reached skill level 4 in Armour
   633 | D:1      | Reached XP level 3. HP: 17/29 MP: 3/3
   819 | D:1      | Found a faded altar of an unknown god.
   939 | D:1      | Found Nateycai's General Store.
  1500 | D:2      | Reached XP level 4. HP: 35/35 MP: 4/4
  1624 | D:2      | Reached skill level 5 in Armour
  2867 | D:3      | Reached XP level 5. HP: 20/41 MP: 5/5
  3300 | D:3      | Reached skill level 6 in Armour
  4036 | D:4      | Noticed an ogre
  4042 | D:4      | Mangled by an ogre

Illustrated notes

Levels and vault maps discovered:
D:1:      lemuel_arrival_room, layout_basic, serial_shops, nicolae_shop_crystal,
          ebering_ecumenical_altar_mist, minmay_statues_item
D:2:      layout_basic, kennysheep_generic_room_3
D:3:      layout_basic
D:4:      layout_basic

Skill      XL: |  1  2  3  4  5 |
---------------+----------------+-----
Shields        | 4 |  4.0
Armour         | 4 5 6 |  6.0
Fighting       | |  3.2
Long Blades    | |  2.0

Action                   |  1- 3 |  4- 6 || total
-------------------------+-------+-------++-------
Melee: Long sword        |   116 |   122 ||   238
 Abil: Dig               |       |     2 ||     2
Armor: Scale mail        |    68 |    41 ||   109
Dodge: Dodged            |    55 |    51 ||   106
Block: Buckler           |    27 |    23 ||    50
